 Dungeon Crawl Stone Soup version 0.32-a0-43-g058985b245 (webtiles) character file.

Game seed: 5970665439743304243

3924 jlumianski the Grappler (level 10, -10/74 (76) HPs)
             Began as a Gnoll Shapeshifter on Feb 3, 2024.
             Was a Follower of Wu Jian.
             Mangled by an orc warrior
             ... wielding a +4 war axe
              (16 damage)
             ... on level 7 of the Dungeon.
             The game lasted 00:32:40 (7294 turns).

jlumianski the Grappler (Gnoll Shapeshifter)        Turns: 7294, Time: 00:32:41

HP:   -10/74 (76)   AC: 12    Str: 18    XL:     10   Next: 20%
MP:   17/17         EV:  7    Int: 10    God:    Wu Jian [*.....]
Gold: 121           SH:  0    Dex: 11    Spells: 19/19 levels left

rFire   . .          .
                       - Unarmed
rCold   . . .        (no shield)
rNeg    . . .        x - +0 plate armour
rPois   .            (helmet currently unavailable)
rElec   .            (cloak currently unavailable)
rCorr   .            (gloves currently unavailable)
SInv    .            (boots currently unavailable)
Will    .....        (no amulet) Stlth
                     (no ring)
HPRegen 0.32/turn    (no ring)
MPRegen 0.15/turn

%: no passive effects
@: about to teleport, beast-form, lightly drained
A: beast (slay +4), fangs 1, strong nose, distributed training
a: Begin Untransformation, Renounce Religion


You were on level 7 of the Dungeon.
You worshipped Wu Jian.
Wu Jian was aware of your devotion.
You were a hulking beast.
You visited 2 branches of the dungeon, and saw 8 of its levels.

You collected 274 gold pieces.
You spent 153 gold pieces at shops.

Inventory:

Hand Weapons
 g - a +0 arbalest
Missiles
 e - 2 atropa-tipped darts
 E - 2 boomerangs (quivered)
 M - 4 poisoned darts
Armour
 a - a +0 animal skin
 k - a +0 pair of gloves
 n - a +0 scale mail
 o - a +0 leather armour
 x - a +0 plate armour (worn)
 B - a +0 cloak
 D - an orb of wrath
 I - a +2 helmet
Talismans
 c - a beast talisman
 d - a flux talisman
 h - a blade talisman
 N - a maw talisman
Wands
 b - a wand of iceblast (22)
 F - a wand of flame (14)
 G - a wand of charming (12)
 K - a wand of mindburst (3)
Scrolls
 m - 2 scrolls of enchant weapon
 q - a scroll of immolation
 r - 2 scrolls of teleportation
 s - 2 scrolls of brand weapon
 v - 3 scrolls of poison
 y - a scroll of revelation
 J - a scroll of fog
Potions
 f - a potion of berserk rage
 i - a potion of brilliance
 j - 2 potions of heal wounds
 l - 3 potions of haste
 p - a potion of ambrosia
 t - 2 potions of mutation
 u - a potion of resistance
 A - a potion of enlightenment {unknown}
 C - a potion of invisibility {unknown}


   Skills:
 + Level 5.9 Fighting
 + Level 5.2 Short Blades
 + Level 5.2 Long Blades
 + Level 5.2 Axes
 + Level 5.2 Maces & Flails
 + Level 5.2 Polearms
 + Level 5.2 Staves
 + Level 5.2 Ranged Weapons
 + Level 5.2 Throwing
 + Level 5.2 Armour
 + Level 7.0 Dodging
 + Level 5.2 Stealth
 + Level 5.2 Shields
 + Level 8.5 Unarmed Combat
 + Level 5.2 Spellcasting
 + Level 4.3 Conjurations
 + Level 4.3 Hexes
 + Level 4.3 Summonings
 + Level 4.3 Necromancy
 + Level 4.3 Translocations
 + Level 4.3 Fire Magic
 + Level 4.3 Ice Magic
 + Level 4.3 Air Magic
 + Level 4.3 Earth Magic
 + Level 4.3 Alchemy
 + Level 5.7 Invocations
 + Level 5.2 Evocations
 + Level 8.2 Shapeshifting


You had 19 spell levels left.
You didn't know any spells.
Your spell library contained the following spells:

 Spells                   Type           Power      Damage    Failure   Level
 Sandblast                Erth           22%        2d7       78%         1
 Ensorcelled Hibernation  Hex/Ice        22%        N/A       89%         2
 Call Canine Familiar     Summ           11%        N/A       98%         3
 Fugue of the Fallen      Necr           11%        N/A       98%         3
 Gell's Gravitas          Tloc           11%        N/A       98%         3
 Passwall                 Erth           11%        N/A       98%         3
 Sigil of Binding         Hex            11%        N/A       98%         3
 Stone Arrow              Conj/Erth      22%        3d8       98%         3
 Teleport Other           Tloc           11%        N/A       98%         3
 Anguish                  Hex/Necr       5%         N/A       100%        4
 Brom's Barrelling Bould  Conj/Erth      11%        2d3       100%        4
 Dimensional Bullseye     Hex/Tloc       5%         N/A       100%        4
 Dispersal                Tloc           5%         N/A       100%        6


Dungeon Overview and Level Annotations

Branches:
Dungeon (7/15)             Temple (1/1) D:6

Altars:
Ashenzari
Cheibriados
Dithmenos
Elyvilon
Fedhas
Gozag
Hepliaklqana
Kikubaaqudgha
Makhleb
Nemelex Xobeh
Okawaru
Qazlal
Ru
Sif Muna
Trog
Uskayaw
Vehumet
Wu Jian
Xom
Zin
The Shining One

Shops:
D:6 *

Annotations:
D:3 3 runed translucent doors, HHeCNeOSiFe's ghost, amateur VSBe


Innate Abilities, Weirdness & Mutations

You are a hulking beast.
Your limbs bulge with bestial killing power. (Slay +4)
You have very sharp teeth.
Your uncanny sense of smell can sniff out nearby items.
Your experience applies equally to all skills.


Message History

You closely miss the orc priest.
The orc priest is moderately wounded.
The orc priest hits you but does no damage.
The orc hits you but does no damage.
The orc warrior hits you with a +4 war axe!
You barely miss the orc priest. You bite the orc priest.
The orc priest is severely wounded.
The orc priest looks encouraged for a moment.
The orc closely misses you. The orc warrior barely misses you.
You hit the orc priest.
You kill the orc priest!
The Council accepts your kill. The orc barely misses you.
The orc warrior closely misses you.
You spin and attack the orc.
You hit the orc.
The orc is moderately wounded.
The orc hits you with a +2 vampiric hand axe!
The orc warrior attacks as it pursues you!
The orc warrior hits you with a +4 war axe.
The orc attacks as it pursues you!
The orc hits you with a +2 vampiric hand axe.
The orc draws strength from your wounds!
The orc warrior attacks as it pursues you!
The orc warrior barely misses you. The orc attacks as it pursues you!
The orc hits you but does no damage. The orc attacks as it pursues you!
The orc hits you but does no damage.
You hit the orc warrior but do no damage.
You bite the orc warrior.
The orc warrior is lightly wounded.
The orc warrior hits you with a +4 war axe!
* * * LOW HITPOINT WARNING * * *
As you read the scroll of teleportation, it crumbles to dust.
You feel strangely unstable.
You spin and attack the orc warrior.
You hit the orc warrior. You punch the orc warrior.
The orc warrior is moderately wounded.
The orc warrior hits you with a +4 war axe!
* * * LOW HITPOINT WARNING * * *
The orc warrior attacks as it pursues you!
The orc warrior hits you with a +4 war axe!
You die...

#.......(#..............#
#...##....##.##..........#
##. .....##...#..##......#
# ...... #.....#......###
....... #..#..#...#....#.
.......##..#......###....
#........#(.........#..
#.......##........#....
#...hoo.........#...#
......##..#..........###
...## #..###........## .
....##........##
..#..###........# # ###
#.......## ##....)..#
##......# #.......#


You could see an orc warrior and an orc.

Vanquished Creatures
  Pikel (D:5)
  Prince Ribbit (D:5)
  An acid dragon (D:7)
  A water moccasin (D:6)
  An orc warrior (D:7)
  Duvessa (D:5)
  2 ice beasts
  4 ogres
  A centaur (D:7)
  A bullfrog (D:5)
  5 scorpions
  9 wights
  Dowan (D:5)
  9 killer bees
  2 howler monkeys
  2 bombardier beetles
  4 jellies
  2 hounds
  A sleepcap (D:5)
  5 orc priests
  3 iguanas
  8 orc wizards
  9 adders
  5 ufetubi
  A ribbon worm (D:2)
  3 dart slugs
  27 orcs
  7 bats
  4 endoplasms
  4 giant cockroaches
  8 goblins
  7 hobgoblins
  9 jackals
  10 kobolds
  6 quokkas
  5 ball pythons
  5 frilled lizards
  6 rats
181 creatures vanquished.

Vanquished Creatures (others)
  An orc (D:5)
1 creature vanquished.

Grand Total: 182 creatures vanquished

Notes
Turn   | Place    | Note
-------+----------+-------------------------------------------
     0 | D:1      | jlumianski the Gnoll Shapeshifter began the quest for the
                  | Orb.
     0 | D:1      | Reached XP level 1. HP: 17/17 MP: 1/1
   248 | D:1      | Reached XP level 2. HP: 23/23 MP: 2/2
   373 | D:1      | Reached XP level 3. HP: 28/28 MP: 3/3
   462 | D:1      | Reached skill level 1 in Invocations
   661 | D:1      | Reached skill level 1 in Short Blades
   661 | D:1      | Reached skill level 1 in Long Blades
   661 | D:1      | Reached skill level 1 in Axes
   661 | D:1      | Reached skill level 1 in Maces & Flails
   661 | D:1      | Reached skill level 1 in Polearms
   661 | D:1      | Reached skill level 1 in Staves
   661 | D:1      | Reached skill level 1 in Ranged Weapons
   661 | D:1      | Reached skill level 1 in Throwing
   661 | D:1      | Reached skill level 1 in Armour
   661 | D:1      | Reached skill level 1 in Stealth
   661 | D:1      | Reached skill level 1 in Shields
   661 | D:1      | Reached skill level 1 in Spellcasting
   661 | D:1      | Reached skill level 1 in Evocations
   851 | D:2      | Reached XP level 4. HP: 31/34 MP: 5/5
  1225 | D:3      | Found a runed translucent gate.
  1225 | D:3      | Found a runed translucent gate.
  1226 | D:3      | Found a runed translucent gate.
  1229 | D:3      | Noticed HHeCNeOSiFe's ghost (amateur VSBe)
  1299 | D:3      | Reached skill level 1 in Conjurations
  1299 | D:3      | Reached skill level 1 in Hexes
  1299 | D:3      | Reached skill level 1 in Summonings
  1299 | D:3      | Reached skill level 1 in Necromancy
  1299 | D:3      | Reached skill level 1 in Translocations
  1299 | D:3      | Reached skill level 1 in Fire Magic
  1299 | D:3      | Reached skill level 1 in Ice Magic
  1299 | D:3      | Reached skill level 1 in Air Magic
  1299 | D:3      | Reached skill level 1 in Earth Magic
  1299 | D:3      | Reached skill level 1 in Alchemy
  1347 | D:3      | Reached XP level 5. HP: 22/40 MP: 5/7
  2243 | D:3      | Found a hide-covered altar of Uskayaw.
  2243 | D:3      | Found a blossoming altar of Fedhas.
  2346 | D:3      | Found a glowing golden altar of the Shining One.
  2359 | D:3      | Found a shimmering blue altar of Sif Muna.
  2630 | D:5      | Entered Level 5 of the Dungeon
  2684 | D:5      | Noticed a lemure
  2684 | D:5      | Noticed a lemure
  2684 | D:5      | Noticed Pikel
  2685 | D:5      | Noticed a lemure
  2685 | D:5      | Noticed a lemure
  2696 | D:5      | Killed Pikel
  2697 | D:5      | Reached skill level 5 in Dodging
  2697 | D:5      | Reached XP level 6. HP: 37/48 MP: 7/10
  2697 | D:5      | Reached XP level 7. HP: 41/53 MP: 7/11
  2716 | D:5      | Noticed Prince Ribbit
  2725 | D:5      | Killed Prince Ribbit
  2726 | D:5      | Reached XP level 8. HP: 44/60 MP: 10/12
  3331 | D:4      | Found a shimmering altar of Xom.
  4112 | D:5      | Reached XP level 9. HP: 52/66 MP: 14/14
  4188 | D:5      | Found a shadowy altar of Dithmenos.
  4477 | D:5      | Noticed Duvessa
  4477 | D:5      | Noticed Dowan
  4488 | D:5      | Killed Duvessa
  4500 | D:5      | Killed Dowan
  4812 | D:6      | Reached skill level 5 in Fighting
  5300 | D:6      | Found a staircase to the Ecumenical Temple.
  5307 | Temple   | Entered the Ecumenical Temple
  5322 | Temple   | Became a worshipper of the Wu Jian Council
  5432 | D:6      | Found a bloodstained altar of Trog.
  5452 | D:6      | Found Afrafow's Gadget Gallery.
  5650 | D:5      | Reached skill level 5 in Invocations
  5799 | D:6      | Bought a wand of mindburst (5) for 91 gold pieces
  5799 | D:6      | Bought a wand of charming (2) for 62 gold pieces
  6299 | D:6      | HP: 3/68 [killer bee (5)]
  6662 | D:7      | Reached skill level 5 in Short Blades
  6662 | D:7      | Reached skill level 5 in Long Blades
  6662 | D:7      | Reached skill level 5 in Axes
  6662 | D:7      | Reached skill level 5 in Maces & Flails
  6662 | D:7      | Reached skill level 5 in Polearms
  6662 | D:7      | Reached skill level 5 in Staves
  6662 | D:7      | Reached skill level 5 in Ranged Weapons
  6662 | D:7      | Reached skill level 5 in Throwing
  6662 | D:7      | Reached skill level 5 in Armour
  6662 | D:7      | Reached skill level 5 in Stealth
  6662 | D:7      | Reached skill level 5 in Shields
  6662 | D:7      | Reached skill level 5 in Spellcasting
  6662 | D:7      | Reached skill level 5 in Evocations
  6662 | D:7      | Reached XP level 10. HP: 76/76 MP: 17/17
  6673 | D:6      | Reached * piety under Wu Jian
  7294 | D:7      | Mangled by an orc warrior

Illustrated notes

Levels and vault maps discovered:
D:1:      ebering_trefoil_twist, layout_loops_ring, st_stairs_11, minmay_cupped
D:2:      layout_basic, corexii_hall_statues_t, feat_on_display
D:3:      layout_loops_cross, jmf_multi_god_temple2,
          nicolae_overflow_two_pavilions, ebering_ghost_rock_garden,
          serial_bayou_pond_c
D:4:      layout_cave_pods, mainiacjoe_overflow_catwalk
D:5:      layout_basic, grunt_dithmenos_smoke_and_mirrors,
          chequers_serial_rivers_micro_a, uniq_pikel, uniq_duvessa,
          uniq_prince_ribbit1
D:6:      layout_gridville, lemuel_crystal_altar,
          minmay_temple_entry_junction_2, nicolae_shop_gadgets
D:7:      layout_cave_pools
Temple:   nicolae_temple_two_arcs

Skill      XL: |  1  2  3  4  5  6  7  8  9 10 |
---------------+-------------------------------+-----
Invocations    | 1 3 4 5 |  5.7
Short Blades   | 1 2 3 5 |  5.2
Long Blades    | 1 2 3 5 |  5.2
Axes           | 1 2 3 5 |  5.2
Maces & Flails | 1 2 3 5 |  5.2
Polearms       | 1 2 3 5 |  5.2
Staves         | 1 2 3 5 |  5.2
Ranged Weapons | 1 2 3 5 |  5.2
Throwing       | 1 2 3 5 |  5.2
Armour         | 1 2 3 5 |  5.2
Stealth        | 1 2 3 5 |  5.2
Shields        | 1 2 3 5 |  5.2
Spellcasting   | 1 2 3 5 |  5.2
Evocations     | 1 2 3 5 |  5.2
Conjurations   | 1 2 3 4 |  4.3
Hexes          | 1 2 3 4 |  4.3
Summonings     | 1 2 3 4 |  4.3
Necromancy     | 1 2 3 4 |  4.3
Translocations | 1 2 3 4 |  4.3
Fire Magic     | 1 2 3 4 |  4.3
Ice Magic      | 1 2 3 4 |  4.3
Air Magic      | 1 2 3 4 |  4.3
Earth Magic    | 1 2 3 4 |  4.3
Alchemy        | 1 2 3 4 |  4.3
Fighting       | 3 4 5 |  5.9
Dodging        | 5 6 7 |  7.0
Unarmed Combat | 7 8 |  8.5
Shapeshifting  | 7 8 |  8.2

Action                     |  1- 3 |  4- 6 |  7- 9 | 10-12 || total
---------------------------+-------+-------+-------+-------++-------
  Melee: Unarmed           |    80 |    97 |   275 |    57 ||   509
         Bite              |     3 |     8 |    37 |     6 ||    54
         Punch             |     8 |     1 |    17 |     4 ||    30
  Throw: Dart              |       |       |    21 |       ||    21
         Boomerang         |       |       |     3 |     5 ||     8
Ability: Lunge             |       |       |     3 |     4 ||     7
         Whirlwind         |       |       |       |     2 ||     2
  Evoke: Wand              |       |       |     6 |     1 ||     7
    Use: Scroll            |     1 |     3 |     6 |     7 ||    17
         Potion            |       |     4 |     3 |       ||     7
   Stab: Sleeping          |     1 |       |       |       ||     1
 Armour: Animal skin       |    26 |     1 |       |       ||    27
         Leather armour    |       |    32 |       |       ||    32
         Scale mail        |       |    17 |     9 |       ||    26
         Skin              |       |     4 |     3 |       ||     7
         Plate armour      |       |       |   318 |    67 ||   385
  Dodge: Dodged            |    45 |    55 |   133 |    33 ||   266

Table legend: (Time is in decaauts)
 A = Elapsed time spent in this place.
 B = Non-inter-level travel time spent in this place.
 C = Inter-level travel time spent in this place.
 D = Time resting spent in this place.
 E = Time spent auto-exploring this place.
 F = Levels seen in this place.
 G = Mean time per level.
                   A        B        C        D        E       F      G
               +--------+--------+--------+--------+--------+-----+--------+
         Total |   7280 |   7114 |    166 |   1579 |   2776 |   8 |  910.0 |
       Dungeon |   7249 |   7083 |    166 |   1579 |   2776 |   7 | 1035.6 |
        Temple |     30 |     30 |      0 |      0 |      0 |   1 |   30.0 |
               +--------+--------+--------+--------+--------+-----+--------+

Top non-repeatable levels by time:
     D:5: 1703 daAuts
     D:6: 1702 daAuts
     D:4: 1107 daAuts
     D:3: 926 daAuts
     D:2: 884 daAuts
     D:1: 733 daAuts
     D:7: 190 daAuts
  Temple: 30 daAuts
